 Dungeon Crawl Stone Soup version 0.27-a0-1193-g8631133539 (webtiles) character file.

Game seed: 11920039167640540647

10244 Essalna the Fighter (level 11, -5/89 HPs)
             Began as a Djinni Venom Mage on May 25, 2021.
             Was a Believer of Makhleb.
             Slain by a bog body (27 damage)
             ... on level 2 of the Lair of Beasts.
             The game lasted 00:27:14 (10460 turns).

Essalna the Fighter (Djinni Venom Mage)            Turns: 10460, Time: 00:27:15

Health: -5/89      AC: 15    Str:  7    XL:     11   Next: 89%
Gold:   402        EV: 12    Int: 24    God:    Makhleb [**....] SH:  0 Dex: 13

rFire    + + +     SeeInvis .   D - +1 whip (elec)
rCold    x . .     Faith    .   (no shield)
rNeg     . . .     Spirit   .   F - +1 robe {rF+}
rPois    ∞         Reflect  .   I - +0 helmet {Int+3}
rElec    .         Harm     .   s - +1 cloak
rCorr    .         Rampage  .   (no gloves)
Will     +....                  (boots unavailable)
Stlth    ++........             d - amulet of regeneration
HPRegen  1.24/turn              (no ring)
MPRegen  0.00/turn              (no ring)

@: ice-armoured, flying
A: sickness immunity, fire resistance 2, cold vulnerability 1, float, innate
caster, hp casting, extra vitality 1
a: Renounce Religion, Minor Destruction


You were on level 2 of the Lair of Beasts.
You worshipped Makhleb.
Makhleb was pleased with you.
You visited 3 branches of the dungeon, and saw 12 of its levels.

You collected 567 gold pieces.
You spent 165 gold pieces at shops.

Inventory:

Hand Weapons
 b - a +0 short sword of holy wrath
 D - a +1 whip of electrocution (weapon)
Missiles
 B - 7 atropa-tipped darts
Armour
 a - a +0 robe
 s - a +1 cloak (worn)
 F - a +1 robe of fire resistance (worn)
 I - a +0 helmet of intelligence (worn)
Jewellery
 d - an amulet of regeneration (around neck)
 i - a ring of ice
 q - a ring of poison resistance
Wands
 x - a wand of flame (19)
 y - a wand of digging (8)
 H - a wand of paralysis (8)
Scrolls
 e - 2 scrolls of silence
 f - 2 scrolls of immolation
 g - 2 scrolls of fear
 h - 5 scrolls of teleportation
 k - a scroll of summoning
 l - a scroll of amnesia
 n - 5 scrolls of identify
 p - 4 scrolls of enchant armour
 w - a scroll of vulnerability
 C - a scroll of magic mapping {unknown}
 E - a scroll of enchant weapon {unknown}
Potions
 c - a potion of ambrosia
 j - a potion of invisibility {unknown}
 m - 6 potions of curing
 r - 3 potions of resistance
 t - a potion of might {unknown}
 u - 2 potions of haste {unknown}
 v - a potion of cancellation {unknown}
 z - a potion of lignification {unknown}
 A - 3 potions of flight {unknown}
 G - a potion of heal wounds {unknown}


   Skills:
 + Level 12.2 Fighting
 - Level 3.0 Dodging
 - Level 2.1 Stealth
 + Level 10.1 Spellcasting


You had 3 spell levels left.
You knew the following spells:

 Your Spells              Type           Power      Damage    Failure   Level
a - Sting                 Tmut/Pois      100%       1d8       1%          1
b - Poisonous Vapours     Pois/Air       100%       N/A       1%          2
c - Mephitic Cloud        Conj/Pois/Air  57%        N/A       1%          3
d - Ignite Poison         Fire/Tmut/Pois 57%        N/A       1%          3
e - Olgreb's Toxic Radia  Pois           57%        N/A       1%          4
f - Summon Small Mammal   Summ           100%       N/A       1%          1
g - Searing Ray           Conj           100%       3d7       1%          2
h - Ozocubu's Armour      Ice            57%        N/A       1%          3
i - Inner Flame           Hex/Fire       57%        N/A       1%          3
j - Hydra Form            Tmut           28%        N/A       2%          5
Your spell library was empty.

Dungeon Overview and Level Annotations

Branches:
Dungeon (9/15)             Temple (1/1) D:4            Lair (1/6) D:9
    Orc: D:9-12

Altars:
Ashenzari
Cheibriados
Elyvilon
Fedhas
Gozag
Hepliaklqana
Kikubaaqudgha
Makhleb
Nemelex Xobeh
Okawaru
Ru
Sif Muna
Trog
Uskayaw
Vehumet
Wu Jian
Zin

Shops:
D:9 *


Innate Abilities, Weirdness & Mutations

You are immune to sickness and miasma.
You are immune to poison.
Your flesh is very heat resistant. (rF++)
You are vulnerable to cold. (rC-)
You float through the air rather than walking.
You learn spells naturally, not from books.
Your magical power is your life essence.
You have superior vitality. (+4 HP)


Message History

The catoblepas seems to burn from within!!
The catoblepas is heavily wounded.
The catoblepas is engulfed in blazing flames.
The catoblepas gores you!!
You are too injured to fight recklessly!
Unknown command.
Unknown command.
You hit the catoblepas.
The catoblepas is severely wounded.
The catoblepas is engulfed in blazing flames.
The catoblepas gores you.
You hit the catoblepas.
Lightning courses through the catoblepas!
You kill the catoblepas!
Makhleb accepts your kill.
You feel better.
A bog body comes into view.
You are too injured to fight recklessly!
Casting: Ignite Poison (safe; 1% risk of failure)
Confirm with . or Enter, or press ? or * to list all spells.
A film of ice covers your body!
You hit the bog body.
The bog body is lightly damaged.
The bog body casts a spell at you. The bolt of cold hits you!!
You feel a terrible chill!
You hear a sizzling sound!
You hit the bog body.
The bog body is moderately damaged.
The bog body misses you.
You hit the bog body.
The bog body is moderately damaged.
The bog body touches you. The bog body freezes you!
You feel a terrible chill!
* * * LOW HITPOINT WARNING * * *
You hit the bog body.
The bog body is heavily damaged.
The bog body touches you but does no damage.
The bog body touches you.
* * * LOW HITPOINT WARNING * * *
The bog body freezes you!!
You feel a terrible chill!
You die...

......................
......................
..........P..P..##
...............##
....#........P..## #
.................###.##.
....#...................
.....#+.###.............
................@n⌠⌠....
........####.#.#.♣..♣..#
........# ####..♣..♣
........# ..♣♣ .♣
.......# #..♣ ........
...♣ ....♣ ##...


You could see a bog body.

Vanquished Creatures
  A hydra (Lair:1)
  A catoblepas (Lair:2)
  2 two-headed ogres
  A wizard (D:7)
  Pikel (D:7)
  The ghost of Napalmbreeze the Thaumaturge, a novice DENe of Vehumet (D:7)
  A cane toad (Lair:1)
  2 trolls
  Sigmund (D:2)
  10 yaks
  2 steam dragons (D:7)
  An acid dragon (D:8)
  Menkaure (D:7)
  A water moccasin (D:5)
  3 sky beasts
  2 orc warriors
  2 ice beasts
  A black bear (D:5)
  5 ogres
  3 necrophages (D:7)
  4 centaurs
  2 phantoms
  A lemure (D:7)
  A kobold brigand (D:7)
  A bullfrog (D:7)
  2 scorpions (D:6)
  A water moccasin zombie (D:6)
  3 killer bees (D:8)
  4 wights (D:7)
  4 howler monkeys
  2 centaur zombies (D:7)
  2 bullfrog skeletons
  3 hounds (D:5)
  A jelly (D:7)
  Crazy Yiuf (D:7)
  2 gnoll shamans
  A centaur skeleton (D:7)
  2 iguanas
  4 orc wizards
  2 killer bee zombies
  A hound skeleton (D:5)
  A mummy (D:7)
  A howler monkey zombie (D:6)
  8 gnolls
  6 adders
  A white imp (D:5)
  An ufetubus (D:7)
  An adder skeleton (D:4)
  2 worms (D:2)
  A dart slug (D:1)
  11 orcs
  9 ball pythons
  7 endoplasms
  9 giant cockroaches
  5 goblins
  5 hobgoblins
  7 jackals
  4 kobolds
  3 quokkas
  5 bats
  2 frilled lizards
  5 rats
180 creatures vanquished.

Vanquished Creatures (others)
  4 fungi (Lair:2)
  4 withered plants (D:7)
8 creatures vanquished.

Grand Total: 188 creatures vanquished

Notes
Turn   | Place    | Note
-------+----------+-------------------------------------------
     0 | D:1      | Essalna the Djinni Venom Mage began the quest for the Orb.
     0 | D:1      | Reached XP level 1. HP: 15/15 MP: 0/0
   359 | D:1      | Reached XP level 2. HP: 19/21 MP: 0/0
   598 | D:1      | Found a faded altar of an unknown god.
  1398 | D:1      | Reached XP level 3. HP: 23/25 MP: 0/0
  1398 | D:1      | Learned a level 1 spell: Summon Small Mammal
  2508 | D:2      | Reached skill level 1 in Fighting
  2508 | D:2      | Reached XP level 4. HP: 27/32 MP: 0/0
  2860 | D:2      | Noticed Sigmund
  2872 | D:2      | Killed Sigmund
  2873 | D:2      | Reached skill level 3 in Fighting
  2873 | D:2      | Reached XP level 5. HP: 19/40 MP: 0/0
  2873 | D:2      | Learned a level 2 spell: Searing Ray
  2873 | D:2      | Reached XP level 6. HP: 22/46 MP: 0/0
  3126 | D:2      | You are sucked into a shaft and drop 2 floors!
  4487 | D:4      | Found a blossoming altar of Fedhas.
  4496 | D:4      | Found an iron altar of Okawaru.
  4653 | D:4      | You are sucked into a shaft and drop 2 floors!
  4662 | D:6      | Noticed an ogre
  4668 | D:6      | Killed an ogre
  4669 | D:6      | Reached skill level 4 in Fighting
  4669 | D:6      | Reached XP level 7. HP: 22/52 MP: 0/0
  4669 | D:6      | Learned a level 3 spell: Ozocubu's Armour
  4776 | D:6      | Reached skill level 5 in Fighting
  4868 | D:6      | Reached skill level 5 in Spellcasting
  4868 | D:6      | Reached XP level 8. HP: 40/59 MP: 0/0
  5111 | D:5      | Entered Level 5 of the Dungeon
  5180 | D:5      | Found a snail-covered altar of Cheibriados.
  5221 | D:5      | Reached skill level 6 in Fighting
  5538 | D:4      | Found a staircase to the Ecumenical Temple.
  5576 | Temple   | Entered the Ecumenical Temple
  5585 | Temple   | Became a worshipper of Makhleb the Destroyer
  5735 | D:4      | Found a sacrificial altar of Ru.
  6603 | D:5      | Reached skill level 7 in Fighting
  6603 | D:5      | Reached XP level 9. HP: 61/68 MP: 0/0
  6603 | D:5      | Learned a level 3 spell: Inner Flame
  7408 | D:7      | Found a runed translucent gate.
  7408 | D:7      | Found a runed translucent gate.
  7408 | D:7      | Found a runed translucent gate.
  7409 | D:7      | Noticed a wizard
  7410 | D:7      | Noticed Napalmbreeze's ghost (novice DENe)
  7445 | D:7      | Found a runed translucent door.
  7445 | D:7      | Identified the +7 mace of Ugeawapt {freeze, rElec rF- Will-
                  | Str+9}
  7446 | D:7      | Noticed Crazy Yiuf
  7452 | D:7      | Killed Crazy Yiuf
  7571 | D:7      | Reached skill level 8 in Fighting
  7626 | D:7      | Found a glowing silver altar of Zin.
  7700 | D:7      | Noticed a troll
  7705 | D:7      | Killed a troll
  7727 | D:7      | Noticed Menkaure
  7734 | D:7      | Killed Menkaure
  7824 | D:7      | Reached * piety under Makhleb
  7825 | D:7      | Reached XP level 10. HP: 73/77 MP: 0/0
  7843 | D:7      | Reached skill level 9 in Fighting
  7997 | D:7      | Noticed Pikel
  8001 | D:7      | Killed Pikel
  8323 | D:7      | Found a bloodstained altar of Trog.
  8400 | D:7      | Reached skill level 10 in Fighting
  8413 | D:7      | Killed Napalmbreeze's ghost
  8432 | D:7      | Killed a wizard
  8768 | D:8      | Noticed a two-headed ogre
  8776 | D:8      | Killed a two-headed ogre
  8777 | D:8      | Reached XP level 11. HP: 47/86 MP: 0/0
  8777 | D:8      | Learned a level 5 spell: Hydra Form
  8988 | D:8      | Found a white marble altar of Elyvilon.
  9217 | D:8      | Identified the +0 robe of the Moon Troll {Dex+3}
  9482 | D:9      | Reached skill level 11 in Fighting
  9533 | D:9      | Reached ** piety under Makhleb
  9607 | D:9      | Noticed a two-headed ogre
  9614 | D:9      | Killed a two-headed ogre
  9758 | D:9      | Found a staircase to the Lair.
  9833 | D:9      | Found Case's Assorted Antiques.
  9841 | D:9      | Bought a glowing helmet for 165 gold pieces
 10128 | Lair:1   | Entered Level 1 of the Lair of Beasts
 10152 | Lair:1   | Noticed a seven-headed hydra
 10179 | Lair:1   | Killed a seven-headed hydra
 10312 | Lair:1   | You are sucked into a shaft and drop 1 floor!
 10313 | Lair:2   | Noticed a catoblepas
 10422 | Lair:2   | Reached skill level 12 in Fighting
 10424 | Lair:2   | Reached skill level 10 in Spellcasting
 10455 | Lair:2   | Killed a catoblepas
 10455 | Lair:2   | Noticed a bog body
 10460 | Lair:2   | Slain by a bog body

Illustrated notes

Levels and vault maps discovered:
D:1:      erik_arrival_orb_chamber, layout_basic, basic_ecumenical_altar
D:2:      layout_basic, minivault_26, minmay_misc_feat_hallway, uniq_sigmund
D:3:      layout_loops_corners
D:4:      layout_basic, kennysheep_little_box, minitemple,
          minmay_temple_entry_ruins
D:5:      layout_basic, cheibriados_altar_1, grunt_ministairs_13
D:6:      layout_basic
D:7:      layout_basic, lightli_temple_of_fire, zin_treasury, serial_undead,
          serial_undead_d, serial_undead_d, serial_undead_a, serial_undead_c,
          gammafunk_ghost_split, hangedman_misty_isle, uniq_crazy_yiuf_cottage,
          uniq_pikel, uniq_menkaure
D:8:      layout_loops_ring, lemuel_doored_altar, serial_aquarium,
          aquarium_bridge_square [aquarium_subvault_bridge,
          aquarium_subvault_window, aquarium_subvault_bridge,
          aquarium_subvault_bridge], aquarium_window_fake, aquarium_window_1,
          aquarium_window_1, aquarium_view_2e, aquarium_view_2a
D:9:      layout_irregular_city, lair_entry_dummy, serial_shops, shop
Temple:   cyrus_circular_temple
Lair:1:   layout_cave_shapes, lemuel_fruit_fields, lemuel_fruit_tree,
          serial_bayou_shore_a, uniq_joseph
Lair:2:   layout_chaotic_city, nicolae_swamp_entry_splash_gauntlet

Skill      XL: |  1  2  3  4  5  6  7  8  9 10 11 |
---------------+----------------------------------+-----
Stealth        | 2 |  2.1
Dodging        | 3 |  3.0
Fighting       | 1 3 4 5 7 8 10 12 | 12.2
Spellcasting   | 3 4 5 6 7 8 10 | 10.1

Action                   |  1- 3 |  4- 6 |  7- 9 | 10-12 || total
-------------------------+-------+-------+-------+-------++-------
Melee: Short sword       |    19 |     6 |   208 |     5 ||   238
       Whip              |       |       |       |    71 ||    71
       Unarmed           |       |       |       |    73 ||    73
 Cast: Sting             |    69 |    15 |    26 |     7 ||   117
       Poisonous Vapours |       |    66 |    57 |    64 ||   187
       Ozocubu's Armour  |       |       |    12 |     5 ||    17
       Ignite Poison     |       |       |    10 |    13 ||    23
       Olgreb's Toxic Ra |       |       |     2 |     3 ||     5
       Inner Flame       |       |       |     1 |       ||     1
       Hydra Form        |       |       |       |     6 ||     6
Evoke: Wand              |       |       |     6 |     7 ||    13
  Use: Potion            |       |     2 |       |       ||     2
       Scroll            |       |       |       |    13 ||    13
Armor: Robe              |     8 |     1 |    88 |    51 ||   148
       Skin              |       |       |       |    44 ||    44
Dodge: Dodged            |    34 |    16 |   152 |   134 ||   336

Table legend: (Time is in decaauts)
 A = Elapsed time spent in this place.
 B = Non-inter-level travel time spent in this place.
 C = Inter-level travel time spent in this place.
 D = Time resting spent in this place.
 E = Time spent auto-exploring this place.
 F = Levels seen in this place.
 G = Mean time per level.
                   A        B        C        D        E       F      G
               +--------+--------+--------+--------+--------+-----+--------+
         Total |  10495 |   9914 |    581 |    254 |   8125 |  12 |  874.6 |
       Dungeon |  10143 |   9574 |    569 |    254 |   7881 |   9 | 1127.0 |
        Temple |     18 |      7 |     11 |      0 |      5 |   1 |   18.0 |
          Lair |    333 |    332 |      1 |      0 |    239 |   2 |  166.5 |
               +--------+--------+--------+--------+--------+-----+--------+

Top non-repeatable levels by time:
     D:1: 1879 daAuts
     D:2: 1637 daAuts
     D:7: 1188 daAuts
     D:6: 1118 daAuts
     D:4: 1042 daAuts
     D:8: 917 daAuts
     D:3: 869 daAuts
     D:5: 783 daAuts
     D:9: 705 daAuts
  Lair:1: 183 daAuts
  Lair:2: 149 daAuts
  Temple: 18 daAuts
